 Dungeon Crawl Stone Soup version 0.31-a0-1626-g5cb510d322 (webtiles) character file.

Game seed: 10896815119602686263

4315 kae the Destroyer (level 10, -2/54 HPs)
             Began as a Tengu Fire Elementalist on Jan 12, 2024.
             Was a Believer of Vehumet.
             Shot with an arrow by a centaur (11 damage)
             ... on level 8 of the Dungeon.
             The game lasted 00:07:32 (8852 turns).

kae the Destroyer (Tengu Fire Elementalist)         Turns: 8852, Time: 00:07:33

Health: -2/54      AC:  5    Str:  8    XL:     10   Next: 33%
Magic:  13/20      EV: 17    Int: 19    God:    Vehumet [**....]
Gold:   498        SH:  0    Dex: 16    Spells: 11/21 levels left

rFire   + . .        t - +4 quarterstaff (speed)
rCold   . . .        (shield currently unavailable)
rNeg    . . .        p - +0 leather armour
rPois   .            (helmet restricted)
rElec   .            (no cloak)
rCorr   .            u - +1 pair of gloves
SInv    .            (boots unavailable)
Will    .....        (no amulet)
Stlth   ++           F - ring of protection from fire
HPRegen 0.29/turn    (no ring)
MPRegen 0.17/turn

%: acrobat
@: flying, slowed, studying Fighting, very slow
A: beak, talons 3, evasive flight, acrobatic
a: Renounce Religion


You were on level 8 of the Dungeon.
You worshipped Vehumet.
Vehumet was pleased with you.
You visited 1 branch of the dungeon, and saw 8 of its levels.
You also visited: Sewer.

You collected 498 gold pieces.


Innate Abilities, Weirdness & Mutations

You have a beak for a mouth.
You have claws for feet.
Your magical flight helps you evade attacks. (EV +4)
You can magically evade attacks while moving or waiting.


   Skills:
 + Level 2.5 Fighting
 + Level 2.8 Armour
 + Level 3.7 Dodging
 - Level 2.0 Stealth
 - Level 6.0 Spellcasting
 - Level 11.4 Conjurations
 - Level 10.2 Fire Magic


You had 11 spell levels left.
You knew the following spells:

 Your Spells              Type           Power      Damage    Failure   Level
a - Foxfire               Conj/Fire      100%       2x1d9     1%          1
b - Scorch                Fire           88%        2d8       1%          2
c - Inner Flame           Hex/Fire       25%        N/A       6%          3
d - Flame Wave            Conj/Fire      46%        2d12      1%          4

Your spell library contained the following spells:

 Spells                   Type           Power      Damage    Failure   Level
 Momentum Strike          Conj/Tloc      54%        3d9       2%          2
 Volatile Blastmotes      Fire/Tloc      50%        2d14      6%          3
 Iskenderun's Mystic Bla  Conj/Tloc      27%        2d7       16%         4
 Tukima's Dance           Hex            5%         N/A       43%         3
 Dimensional Bullseye     Hex/Tloc       2%         N/A       83%         4

Inventory:

Hand Weapons
 q - a +0 whip
   (You found it on level 3 of the Dungeon)
 t - a +4 quarterstaff of speed (weapon)
   (You found it on level 3 of the Dungeon)
Missiles
 f - 10 poisoned darts
 k - 3 boomerangs
 l - 57 stones
Armour
 a - a +0 robe
 p - a +0 leather armour (worn)
   (You found it on level 2 of the Dungeon)
 u - a +1 pair of gloves (worn)
   (You found it on level 3 of the Dungeon)
Magical Staves
 v - a staff of air {!a}
   (You found it on level 6 of the Dungeon)
 w - a staff of alchemy {!a}
   (You found it on level 6 of the Dungeon)
Jewellery
 A - an amulet of the acrobat
   (You found it on level 5 of the Dungeon)
 F - a ring of protection from fire (left hand)
   (You found it on level 3 of the Dungeon)
 T - an amulet of faith {!P}
   (You found it on level 7 of the Dungeon)
Wands
 r - a wand of charming (8)
   (You took it off Ijyb on level 3 of the Dungeon)
Scrolls
 g - 4 scrolls of teleportation {@r4}
 h - a scroll of fear
 o - a scroll of vulnerability {!r!r}
 x - a scroll of revelation
Potions
 b - 2 potions of magic
 c - 3 potions of enlightenment
 d - a potion of lignification {unknown}
 e - 2 potions of curing {@q1}
 i - 3 potions of degeneration {!q}
 j - 5 potions of heal wounds {@q2}
 m - a potion of might {unknown}
 n - 2 potions of haste {@q3}
 s - 2 potions of mutation {!q}

Dungeon Overview and Level Annotations

Branches:
Dungeon (8/15) Zot: 26985  Temple (0/1) D:5           Sewer (visited)
   Lair: D:8-11

Altars:
Cheibriados
Elyvilon
Gozag
Hepliaklqana
Makhleb
Okawaru
Uskayaw
Vehumet
Wu Jian
Xom
Zin
The Shining One

Shops:
D:1 ?   D:5 (

Annotations:
D:1 2 transporters
D:3 exclusion: ball python, Terence

.. ###.#.
...... ....
#... ##.#.## #
#...).###.###.#
#...o.)....>..#
#....@........#
#.....###......
#.....# .$)###
#........ ..#o#
####..### #####
#.. z#_. #D.
#### #.c


You could see a steam dragon, an orc warrior and a centaur.


Message History

Your +0 pair of gloves glows green for a moment.
As you read the scroll labelled QEALLI WACAUT, it dissolves into smoke.
It was a scroll of fog.
As you read the scroll labelled TOWO MAOVOMEA, it crumbles to dust.
A profound silence engulfs you.
It was a scroll of silence.
Magic scrolls do not work when you're silenced!
You start waiting.
Your hearing returns.
As you read the scroll of identify {@r1}, it crumbles to dust.
e - 2 potions of curing
Okay, then.
Okay, then.
Done exploring.
Done exploring.
Done exploring.
You see here a +0 orcbow.
There is an open door here.
There is a stone staircase leading down here.
You fly downwards.
The orc shouts!
Found a stone staircase leading down.
There is a stone staircase leading up here.
There are monsters nearby!
Okay, then.
There are monsters nearby!
There are monsters nearby!
An orc warrior and an orc come into view.
Found 6 gold pieces and a transparent sling.
Found a snail-covered altar of Cheibriados.
The orc shouts!
The orc warrior moves out of view.
There is a stone staircase leading up here.
The orc warrior shouts!
You hit the wraith. The wraith closely misses you.
The orc completely misses you. x2
There is a stone staircase leading up here.
You hit the wraith. The wraith hits you! The orc misses you. 😕 HP[-8]
You take 8 damage, and now have 46/54 hp.
Unknown command.
Casting: Scorch (safe; 1% risk of failure)
Confirm with . or Enter, or press ? or * to list all spells.
Casting: Flame Wave (dangerous; 1% risk of failure)
Press: ? - help, Dir - look around, f - activate A wave of flame ripples out!
The flame wave engulfs the orc warrior!
The flame wave engulfs the wraith!
The flame wave engulfs the orc. (Press . to intensify the flame waves.)
The centaur shouts!
You hear an angry hiss.
The centaur wields a +0 shortbow.
The centaur shoots an arrow.
The arrow barely misses you. The wraith hits you!
The wraith drains your vigour!
You feel yourself slow down. The orc hits you with a +0 war axe!
The centaur shoots an arrow.
The arrow hits you!
* * * LOW HITPOINT WARNING * * *
😨 HP[-26] MP[-4]
You take 26 damage, and now have 20/54 hp.
MASSIVE DAMAGE!! (PAUSE)
You lost 4 mp, and now have 16/20 mp.
A wave of flame ripples out!
The flame wave engulfs the orc warrior.
The flame wave engulfs the wraith.
The flame wave engulfs the orc!!
You kill the orc!
Vehumet accepts your kill.
You feel your power returning.
The flame wave engulfs the orc!
You kill the orc!
Vehumet accepts your kill.
You feel your power returning.
You hear an angry hiss.
The centaur shoots an arrow.
The arrow completely misses you. The wraith barely misses you.
The orc warrior closely misses you.
The centaur shoots an arrow.
The arrow completely misses you. The wraith completely misses you.
The orc warrior completely misses you.
A steam dragon comes into view. 😨 MP[+1] Unknown command.
A wave of flame ripples out!
The flame wave engulfs the orc warrior.
The flame wave engulfs the wraith!
You finish channelling waves of flame.
You hear a shout!
The centaur shoots an arrow.
The arrow misses you. The wraith hits you.
* * * LOW HITPOINT WARNING * * *
The orc warrior barely misses you.
The centaur shoots an arrow.
The arrow hits you!
* * * LOW HITPOINT WARNING * * *
😱 HP[-11] MP[-1]
You take 11 damage, and now have 9/54 hp.
MASSIVE DAMAGE!! (PAUSE)
You lost 1 mp, and now have 16/20 mp.
Unknown command.
Casting: Flame Wave (dangerous; 1% risk of failure)
Confirm with . or Enter, or press ? or * to list all spells.
Casting: Flame Wave (dangerous; 1% risk of failure)
Press: ? - help, Dir - look around, f - activate A wave of flame ripples out!
The flame wave engulfs the orc warrior but does no damage.
The flame wave engulfs the wraith.
You destroy the wraith!
Vehumet accepts your kill. (Press . to intensify the flame waves.)
The centaur shoots an arrow.
The arrow hits you!
You die...

Skill      XL: |  1  2  3  4  5  6  7  8  9 10 |
---------------+-------------------------------+-----
Conjurations   | 2 4 5 7 9 11 | 11.4
Fire Magic     | 4 5 6 8 10 | 10.2
Spellcasting   | 3 4 5 6 |  6.0
Fighting       | 2 |  2.5
Armour         | 2 |  2.8
Dodging        | 3 |  3.7
Stealth        | |  2.0

Action                     |  1- 3 |  4- 6 |  7- 9 | 10-12 || total
---------------------------+-------+-------+-------+-------++-------
  Melee: Unarmed           |    10 |       |       |       ||    10
         Kick              |     5 |     1 |    12 |       ||    18
         Peck              |     2 |       |     6 |       ||     8
         Whip              |     2 |       |       |       ||     2
         Quarterstaff      |       |     7 |    18 |     2 ||    27
   Cast: Foxfire           |    64 |    56 |   124 |     8 ||   252
         Scorch            |     4 |    10 |    51 |     6 ||    71
         Flame Wave        |       |       |     4 |     4 ||     8
         Inner Flame       |       |       |     1 |       ||     1
    Use: Scroll            |     8 |     5 |     3 |     5 ||    21
         Potion            |       |       |     1 |       ||     1
 Armour: Robe              |    20 |       |       |       ||    20
         Leather armour    |     1 |    20 |    38 |    11 ||    70
  Dodge: Dodged            |    46 |    27 |   111 |    26 ||   210

Levels and vault maps discovered:
D:1:      giann_wishing_wells, layout_loops_ring, serial_shops,
          nicolae_shop_drivethru, hellmonk_ecumenical_altar_heavens_door
D:2:      layout_basic, kennysheep_potato, uniq_robin
D:3:      layout_basic, nicolae_vehumet_altar_sigil,
          nicolae_gozag_cash_rules_everything_around_me,
          mainiacjoe_overflow_small_starburst, uniq_crazy_yiuf_cottage,
          uniq_grinder, uniq_terence, uniq_ijyb
D:4:      layout_rooms, nicolae_wu_jian_wuxing_cycle, serial_corexii_hall,
          corexii_hall_statues_s, chequers_hall_statues_corner_a,
          chequers_hall_statues_y, corexii_hall_statues_l, gup_sewer_entry_bowl
D:5:      layout_basic, lemuel_round_altar, minmay_temple_entry_fiery,
          serial_shops, nicolae_shop_bloodbath_and_beyond, minivault_24,
          uniq_eustachio, uniq_blork_the_orc
D:6:      layout_gridville, nicolae_tso_besieged_by_evil,
          mainiacjoe_overflow_surrounded_room,
          mainiacjoe_overflow_concentric_impassable
D:7:      layout_gridville, nicolae_overflow_hidden_temple, lemuel_round_altar,
          bloody_makhleb, nicolae_concentric_dashed_squares_mild,
          corexii_checkpoint, minmay_manual_monstrance
D:8:      layout_loops_ring, cheibriados_altar_2, minmay_misc_feat_pillars,
          uniq_maurice, uniq_pikel

Notes
Turn   | Place    | Note
-------+----------+-------------------------------------------
     0 | D:1      | kae the Tengu Fire Elementalist began the quest for the
                  | Orb.
     0 | D:1      | Reached XP level 1. HP: 10/10 MP: 4/4
     0 | D:1      | magus.rc [v1.11.3]
   161 | D:1      | Found a faded altar of an unknown god.
   184 | D:1      | You fall into a shaft and drop 1 floor!
   276 | D:1      | Reached skill level 2 in Conjurations
   276 | D:1      | Reached XP level 2. HP: 13/15 MP: 1/6
   353 | D:1      | Found a transporter.
   355 | D:1      | Found Zeshueh's Magic Scroll Shoppe.
   546 | D:1      | Found a transporter.
   831 | D:2      | Learned a level 2 spell: Scorch
  1093 | D:2      | Noticed Robin
  1103 | D:2      | Reached XP level 3. HP: 19/19 MP: 2/7
  1118 | D:1      | Killed Robin
  1191 | D:2      | Reached skill level 4 in Fire Magic
  1217 | D:1      | Reached skill level 3 in Conjurations
  1561 | D:3      | Noticed Ijyb
  1605 | D:3      | Noticed Grinder
  1641 | D:3      | Noticed Terence
  1736 | D:3      | Found a radiant altar of Vehumet.
  1748 | D:3      | Became a worshipper of Vehumet
  1798 | D:3      | Found a runed translucent door.
  1799 | D:3      | Noticed Crazy Yiuf
  1973 | D:3      | Found an opulent altar of Gozag.
  2376 | D:4      | Noticed a scorpion
  2387 | D:4      | Killed a scorpion
  2388 | D:4      | Reached skill level 4 in Conjurations
  2388 | D:4      | Reached XP level 4. HP: 17/24 MP: 0/9
  2388 | D:4      | Reached XP level 5. HP: 19/28 MP: 0/10
  2433 | D:4      | Found a glowing drain.
  2437 | Sewer    | Entered a sewer
  2945 | Sewer    | Reached skill level 5 in Fire Magic
  2946 | Sewer    | Reached skill level 3 in Spellcasting
  3049 | Sewer    | Reached XP level 6. HP: 32/32 MP: 7/11
  3363 | D:4      | Learned a level 3 spell: Inner Flame
  3368 | D:4      | Learned a level 4 spell: Flame Wave
  3475 | D:4      | Reached skill level 5 in Conjurations
  3490 | D:4      | Found an ornate altar of the Wu Jian Council.
  3741 | D:4      | Reached * piety under Vehumet
  3741 | D:4      | Offered knowledge of Magic Dart by Vehumet.
  4137 | D:5      | Entered Level 5 of the Dungeon
  4155 | D:5      | Gained mutation: Your magical flight helps you evade
                  | attacks. (EV +4) [Tengu growth]
  4155 | D:5      | Reached XP level 7. HP: 30/36 MP: 3/13
  4289 | D:5      | Noticed Eustachio
  4499 | D:5      | Reached skill level 6 in Conjurations
  4528 | D:4      | Reached skill level 6 in Fire Magic
  4625 | D:5      | Found Reunophe's Weapon Boutique.
  4969 | D:5      | Noticed Blork the orc
  4977 | D:5      | Killed Blork the orc
  5029 | D:5      | Reached skill level 4 in Spellcasting
  5029 | D:5      | Reached skill level 7 in Conjurations
  5436 | D:5      | Found a staircase to the Ecumenical Temple.
  5759 | D:3      | Killed Ijyb
  5760 | D:3      | Reached XP level 8. HP: 41/41 MP: 8/15
  5887 | D:3      | Killed Crazy Yiuf
  5980 | D:3      | Killed Grinder
  5981 | D:3      | Reached skill level 7 in Fire Magic
  6041 | D:3      | Found a hide-covered altar of Uskayaw.
  6163 | D:5      | Killed Eustachio
  6164 | D:5      | Reached skill level 8 in Conjurations
  6277 | D:5      | Found a glowing silver altar of Zin.
  6647 | D:6      | Found an iron altar of Okawaru.
  6676 | D:6      | Reached skill level 8 in Fire Magic
  6788 | D:6      | Found a glowing golden altar of the Shining One.
  6952 | D:6      | Found a shimmering altar of Xom.
  7014 | D:6      | Noticed a yak
  7019 | D:6      | Noticed a yak
  7022 | D:6      | Noticed a yak
  7025 | D:6      | Noticed a yak
  7030 | D:6      | Killed a yak
  7031 | D:6      | Reached skill level 9 in Conjurations
  7034 | D:6      | Killed a yak
  7035 | D:6      | Reached skill level 5 in Spellcasting
  7035 | D:6      | Reached XP level 9. HP: 38/45 MP: 8/17
  7045 | D:6      | HP: 10/45 [yak (10)]
  7224 | D:6      | Reached skill level 10 in Conjurations
  7224 | D:6      | Reached skill level 9 in Fire Magic
  7391 | D:7      | Noticed a hornet
  7395 | D:7      | Killed a hornet
  7395 | D:7      | HP: 5/45 [cloud of flame (8)]
  7590 | D:7      | Found a hazy altar of Hepliaklqana.
  7733 | D:7      | Found a burning altar of Makhleb.
  7812 | D:7      | You pick up a book of Weapons and begin reading...
  7812 | D:7      | You add the spells Tukima's Dance, Dimensional Bullseye and
                  | Iskenderun's Mystic Blast to your library.
  8089 | D:7      | Reached skill level 11 in Conjurations
  8188 | D:7      | Offered knowledge of Momentum Strike by Vehumet.
  8189 | D:7      | Reached skill level 10 in Fire Magic
  8191 | D:7      | Reached ** piety under Vehumet
  8192 | D:7      | Reached XP level 10. HP: 37/50 MP: 12/19
  8209 | D:7      | Reached skill level 6 in Spellcasting
  8213 | D:7      | Noticed a cyan ugly thing
  8218 | D:7      | Noticed a deep elf pyromancer
  8220 | D:7      | Killed a cyan ugly thing
  8221 | D:7      | Reached skill level 1 in Fighting
  8221 | D:7      | Reached skill level 2 in Armour
  8221 | D:7      | Reached skill level 3 in Dodging
  8374 | D:7      | Killed a deep elf pyromancer
  8375 | D:7      | Reached skill level 2 in Fighting
  8630 | D:7      | Found a white marble altar of Elyvilon.
  8841 | D:8      | Found a snail-covered altar of Cheibriados.
  8851 | D:8      | HP: 9/54 [centaur/arrow (10)]
  8852 | D:8      | Shot with an arrow by a centaur

Vanquished Creatures
  A deep elf pyromancer (D:7)
  An ugly thing (D:7)
  A hornet (D:7)
  Grinder (D:3)
  A wraith (D:8)
  2 wyverns (D:7)
  4 yaks (D:6)
  Eustachio (D:5)
  A water moccasin (D:7)
  An ice beast (D:7)
  A sky beast (D:7)
  A black bear (D:5)
  2 centaurs
  An ogre (D:5)
  2 phantoms
  3 bullfrogs (D:7)
  3 scorpions
  Blork the orc (D:5)
  A wight (D:7)
  A bombardier beetle (D:4)
  4 hounds
  3 jellies
  3 orc priests
  A gnoll bouda (D:4)
  Crazy Yiuf (D:3)
  Ijyb (D:3)
  3 sleepcaps
  An iguana (D:4)
  3 orc wizards
  Robin (D:1)
  3 gnolls (D:5)
  5 adders
  4 river rats (Sewer)
  A shadow imp (D:6)
  A white imp (D:6)
  4 dart slugs
  12 orcs
  9 ball pythons
  8 bats
  4 endoplasms
  3 giant cockroaches
  10 goblins
  6 hobgoblins
  2 jackals (Sewer)
  3 kobolds
  3 quokkas
  4 frilled lizards
  A goblin skeleton (D:6)
  3 hobgoblin zombies (D:6)
  A kobold skeleton (D:6)
  A kobold zombie (D:6)
  2 orc zombies (D:6)
  4 rats
145 creatures vanquished.

Vanquished Creatures (others)
  2 adders (D:6)
  A ball python (D:3)
  445 foxfires
448 creatures vanquished.

Grand Total: 593 creatures vanquished

Table legend:
 A = Non-vault XP
 B = Vault XP
 C = Vault XP percentage of total XP
 D = Non-vault monster count
 E = Vault monster count
 F = Vault count percentage of total count
                 A         B        C        D         E       F
            +---------+---------+-------+---------+---------+-------
      Total |    3785 |    2604 |  40.8 |      79 |      67 |  45.9
            +---------+---------+-------+---------+---------+-------
        D:1 |      17 |      23 |  57.5 |      11 |       5 |  31.2
        D:2 |      14 |      15 |  51.7 |       6 |       8 |  57.1
        D:3 |       9 |     336 |  97.4 |       4 |       3 |  42.9
        D:4 |     366 |       4 |   1.1 |      10 |       2 |  16.7
        D:5 |     540 |     273 |  33.6 |      11 |       2 |  15.4
        D:6 |    1280 |      19 |   1.5 |      18 |       9 |  33.3
        D:7 |    1329 |    1791 |  57.4 |      16 |      10 |  38.5
        D:8 |     230 |       0 |   0.0 |       3 |       0 |   0.0
      Sewer |       0 |     143 | 100.0 |       0 |      28 | 100.0
            +---------+---------+-------+---------+---------+-------

Skill      XL: |  1  2  3  4  5  6  7  8  9 10 |
---------------+-------------------------------+-----
Conjurations   | 2 4 5 7 9 11 | 11.4
Fire Magic     | 4 5 6 8 10 | 10.2
Spellcasting   | 3 4 5 6 |  6.0
Fighting       | 2 |  2.5
Armour         | 2 |  2.8
Dodging        | 3 |  3.7
Stealth        | |  2.0

Action                     |  1- 3 |  4- 6 |  7- 9 | 10-12 || total
---------------------------+-------+-------+-------+-------++-------
  Melee: Unarmed           |    10 |       |       |       ||    10
         Kick              |     5 |     1 |    12 |       ||    18
         Peck              |     2 |       |     6 |       ||     8
         Whip              |     2 |       |       |       ||     2
         Quarterstaff      |       |     7 |    18 |     2 ||    27
   Cast: Foxfire           |    64 |    56 |   124 |     8 ||   252
         Scorch            |     4 |    10 |    51 |     6 ||    71
         Flame Wave        |       |       |     4 |     4 ||     8
         Inner Flame       |       |       |     1 |       ||     1
    Use: Scroll            |     8 |     5 |     3 |     5 ||    21
         Potion            |       |       |     1 |       ||     1
 Armour: Robe              |    20 |       |       |       ||    20
         Leather armour    |     1 |    20 |    38 |    11 ||    70
  Dodge: Dodged            |    46 |    27 |   111 |    26 ||   210

Illustrated notes

Table legend:
 A = Kills in this place as a percentage of kills in the entire game.
 B = Kills by you in this place as a percentage of kills by you in the entire game.
 C = Kills by friends in this place as a percentage of kills by friends in the entire game.
 D = Other kills in this place as a percentage of other kills in the entire game.
 E = Experience gained in this place as a percentage of experience gained in the entire game.
 F = Experience gained in this place divided by the number of levels of this place that you have seen.
                   A       B       C       D       E      F
               +-------+-------+-------+-------+-------+----------------------
         Total | 100.0 | 100.0 |   N/A | 100.0 | 100.0 | 709.9
       Dungeon |  80.8 |  80.7 |   N/A | 100.0 |  97.8 | 780.8
         Sewer |  19.2 |  19.3 |   N/A |   0.0 |   2.2 | 143.0
               +-------+-------+-------+-------+-------+----------------------

Table legend: (Time is in decaauts)
 A = Elapsed time spent in this place.
 B = Non-inter-level travel time spent in this place.
 C = Inter-level travel time spent in this place.
 D = Time resting spent in this place.
 E = Time spent auto-exploring this place.
 F = Levels seen in this place.
 G = Mean time per level.
                   A        B        C        D        E       F      G
               +--------+--------+--------+--------+--------+-----+--------+
         Total |   9102 |   8679 |    423 |    430 |   7051 |   9 | 1011.3 |
       Dungeon |   7945 |   7522 |    423 |    430 |   6046 |   8 |  993.1 |
         Sewer |   1156 |   1156 |      0 |      0 |   1004 |   1 | 1156.0 |
               +--------+--------+--------+--------+--------+-----+--------+

Top non-repeatable levels by time:
     D:5: 1809 daAuts
     D:3: 1338 daAuts
     D:7: 1316 daAuts
   Sewer: 1156 daAuts
     D:6: 1076 daAuts
     D:4: 967 daAuts
     D:1: 914 daAuts
     D:2: 510 daAuts
     D:8: 12 daAuts
